 Dungeon Crawl Stone Soup version 0.31-a0-801-gc67433417a (webtiles) character file.

Game seed: 17974798889644930411

168 Ivernyr the Slasher (level 5, -3/27 HPs)
             Began as a Vine Stalker Gladiator on Sept 20, 2023.
             Slain by a gnoll
             ... wielding a +0 halberd
              (6 damage)
             ... on level 4 of the Dungeon.
             The game lasted 00:03:55 (2152 turns).

Ivernyr the Slasher (Vine Stalker Gladiator)        Turns: 2152, Time: 00:03:56

Health: -3/27      AC:  4    Str: 17    XL:     5   Next: 49%
Magic:  0/6        EV: 13    Int:  8    God:
Gold:   160        SH:  0    Dex: 17    Spells: 4/4 levels left

rFire   . . .        a - +0 long sword
rCold   . . .        (no shield)
rNeg    . . .        b - +0 leather armour
rPois   .            c - +0 helmet
rElec   .            (no cloak)
rCorr   .            (no gloves)
SInv    .            (no boots)
Will    .....        (no amulet)
Stlth   +            (no ring)
HPRegen 1.04/turn    (no ring)
MPRegen 0.10/turn

%: guardian spirit
@: no status effects
A: fangs 2, regeneration 1, magic shield, antimagic bite, no potion heal 2
a: no special abilities


You were on level 4 of the Dungeon.
You visited 1 branch of the dungeon, and saw 4 of its levels.

You collected 160 gold pieces.

Inventory:

Hand Weapons
 a - a +0 long sword (weapon)
Missiles
 d - 3 throwing nets (quivered)
 e - a javelin
Armour
 b - a +0 leather armour (worn)
 c - a +0 helmet (worn)
Wands
 l - a wand of paralysis (9)
Scrolls
 h - a scroll of enchant weapon {unknown}
 i - a scroll of immolation {unknown}
 n - a scroll of vulnerability {unknown}
 p - a scroll of noise {unknown}
 q - a scroll of teleportation {unknown}
 r - a scroll of poison {unknown}
Potions
 f - a potion of berserk rage {unknown}
 g - a potion of curing {unknown}
 j - a potion of brilliance {unknown}
 k - a potion of might {unknown}
 m - a potion of haste {unknown}
 o - a potion of enlightenment {unknown}


   Skills:
 + Level 2.6 Fighting
 * Level 4.0 Long Blades
 - Level 1.7 Throwing
 + Level 1.5 Armour
 + Level 3.1 Dodging


You had 4 spell levels left.
You didn't know any spells.
Your spell library was empty.

Dungeon Overview and Level Annotations

Branches:
Dungeon (4/15)
 Temple: D:4-7

Altars:


Innate Abilities, Weirdness & Mutations

You have extremely sharp teeth.
Your natural rate of healing is unusually fast.
When hurt, damage is shared between your health and your magic reserves.
Your bite disrupts and absorbs the magic of your enemies.
Potions cannot restore your health.


Message History

Found a robe.
Found an escape hatch in the floor.
You see here a +0 robe.
Found a leather armour. 3 gnolls come into view.
The gnoll shouts! x3
The gnoll hits you from afar with a +0 spear.
There are monsters nearby!
A worm comes into view.
The gnoll barely misses you.
You hit the gnoll but do no damage. The gnoll hits you with a +0 whip.
The gnoll barely misses you.
You closely miss the gnoll. Your bite misses the gnoll.
The gnoll closely misses you.
The gnoll hits you from afar with a +0 spear.
You hit the gnoll. You bite the gnoll, but do no damage.
The gnoll is heavily wounded.
The gnoll hits you with a +0 whip. The gnoll barely misses you.
You barely miss the gnoll. You bite the gnoll, but do no damage.
The gnoll is heavily wounded.
The gnoll hits you with a +0 whip. The gnoll hits you but does no damage.
You hit the gnoll.
You kill the gnoll!
The gnoll hits you but does no damage. The gnoll closely misses you.
Your Long Blades skill increases to level 4!
The gnoll attacks as it pursues you!
The gnoll hits you from afar with a +0 spear.
The gnoll misses you.
You slash the gnoll! Your bite misses the gnoll.
The gnoll is almost dead.
The gnoll closely misses you.
The gnoll hits you from afar with a +0 halberd!
You barely miss the gnoll. You bite the gnoll.
You kill the gnoll!
The gnoll hits you from afar with a +0 halberd.
The gnoll attacks as it pursues you!
The gnoll hits you from afar with a +0 halberd!
* * * LOW HITPOINT WARNING * * *
The gnoll attacks as it pursues you!
The gnoll hits you from afar with a +0 halberd!
You die...

#.# #.# #.#####.#
#.......# #######.# #)#
#.# ############.#
#.....#.@.g..#
#.###.#.#################
#.........#[............#
#.......#.#.##########.##
#.###.###.#.#...#.# #.#
#.# #.#..........<# #.#
#.# #.#.#..#..#.######.#
#.###......#........##.#
#.......#.>......[.....#


You could see a gnoll.

Vanquished Creatures
  An orc priest (D:3)
  Ijyb (D:2)
  2 gnolls (D:4)
  A worm (D:2)
  A dart slug (D:1)
  12 orcs (D:3)
  7 endoplasms
  3 giant cockroaches (D:1)
  10 hobgoblins
  3 quokkas
  7 ball pythons
  5 bats
  3 frilled lizards
  9 goblins
  4 kobolds
  7 rats
76 creatures vanquished.

Notes
Turn   | Place    | Note
-------+----------+-------------------------------------------
     0 | D:1      | Ivernyr the Vine Stalker Gladiator began the quest for the
                  | Orb.
     0 | D:1      | Reached XP level 1. HP: 11/11 MP: 2/2
   160 | D:1      | Reached XP level 2. HP: 15/15 MP: 3/3
   213 | D:1      | Reached skill level 3 in Long Blades
   479 | D:1      | Reached XP level 3. HP: 18/18 MP: 4/4
  1114 | D:2      | Noticed Ijyb
  1126 | D:2      | Paralysed by Ijyb for 4 turns
  1140 | D:2      | Killed Ijyb
  1141 | D:2      | Reached skill level 1 in Armour
  1141 | D:2      | Reached XP level 4. HP: 22/23 MP: 5/5
  1622 | D:3      | Reached XP level 5. HP: 6/27 MP: 0/6
  2138 | D:4      | Reached skill level 4 in Long Blades
  2152 | D:4      | Slain by a gnoll

Illustrated notes

Levels and vault maps discovered:
D:1:      psy_arrival_radial01, layout_basic, nicolae_figureground_sparkle
D:2:      kennysheep_the_goblin_king, layout_basic
D:3:      layout_rooms, uniq_ijyb
D:4:      layout_basic, gammafunk_temple_overflow_claw, reono_crystal_passage,
          minmay_pentangle, uniq_pikel, uniq_crazy_yiuf_cottage

Skill      XL: |  1  2  3  4  5 |
---------------+----------------+-----
Fighting       | 2 |  2.6
Long Blades    | 3 4 |  4.0
Armour         | 1 |  1.5
Dodging        | 3 |  3.1
Throwing       | |  1.7

Action                     |  1- 3 |  4- 6 || total
---------------------------+-------+-------++-------
  Melee: Long sword        |   112 |    89 ||   201
         Bite              |    16 |    18 ||    34
 Armour: Leather armour    |    78 |    59 ||   137
  Dodge: Dodged            |    74 |    62 ||   136

Table legend: (Time is in decaauts)
 A = Elapsed time spent in this place.
 B = Non-inter-level travel time spent in this place.
 C = Inter-level travel time spent in this place.
 D = Time resting spent in this place.
 E = Time spent auto-exploring this place.
 F = Levels seen in this place.
 G = Mean time per level.
                   A        B        C        D        E       F      G
               +--------+--------+--------+--------+--------+-----+--------+
         Total |   2197 |   2066 |    131 |      0 |   1491 |   4 |  549.2 |
       Dungeon |   2197 |   2066 |    131 |      0 |   1491 |   4 |  549.2 |
               +--------+--------+--------+--------+--------+-----+--------+

Top non-repeatable levels by time:
     D:1: 868 daAuts
     D:2: 767 daAuts
     D:3: 456 daAuts
     D:4: 105 daAuts
